 Dungeon Crawl Stone Soup version 0.27.0-1-g7a089689b8 (webtiles) character file.

Game seed: 18198183377932383282

100 sanka the Magician (level 5, 0/35 HPs)
             Began as a Djinni Air Elementalist on July 31, 2021.
             Slain by Terence (2 damage)
             ... on level 3 of the Dungeon.
             The game lasted 00:02:38 (3154 turns).

sanka the Magician (Djinni Air Elementalist)        Turns: 3154, Time: 00:02:38

Health: 0/35       AC:  2    Str:  7    XL:     5   Next: 3%
Gold:   89         EV: 12    Int: 17    God:
                   SH:  0    Dex: 14

rFire    + + .     SeeInvis .   i - +2 short sword (freeze)
rCold    x . .     Faith    .   (no shield)
rNeg     . . .     Spirit   .   a - +0 robe
rPois    ∞         Reflect  .   (no helmet)
rElec    .         Harm     .   (no cloak)
rCorr    .         Rampage  .   (no gloves)
Will     .....                  (boots unavailable)
Stlth    ++........             (no amulet)
HPRegen  0.11/turn              (no ring)
MPRegen  0.00/turn              (no ring)

@: flying
A: sickness immunity, fire resistance 2, cold vulnerability 1, float, innate
caster, hp casting, extra vitality 1
a: no special abilities


You were on level 3 of the Dungeon.
You visited 1 branch of the dungeon, and saw 3 of its levels.

You collected 89 gold pieces.


Innate Abilities, Weirdness & Mutations

You are immune to sickness and miasma.
You are immune to poison.
Your flesh is very heat resistant. (rF++)
You are vulnerable to cold. (rC-)
You float through the air rather than walking.
You learn spells naturally, not from books.
Your magical power is your life essence.
You have superior vitality. (+4 HP)


   Skills:
 - Level 2.1 Dodging
 - Level 1.5 Stealth
 + Level 4.1 Spellcasting


You couldn't memorise any spells.
You knew the following spells:

 Your Spells              Type           Power      Damage    Failure   Level
c - Summon Small Mammal   Summ           68%        N/A       2%          1
s - Swiftness             Air            17%        N/A       9%          3
x - Airstrike             Air            8%         N/A       28%         4
y - Searing Ray           Conj           34%        3d4       4%          2
z - Shock                 Conj/Air       68%        1d7       2%          1
Z - Static Discharge      Conj/Air       17%        N/A       4%          2
Your spell library was empty.

Inventory:

Hand Weapons
 i - a +2 short sword of freezing (weapon)
Armour
 a - a +0 robe (worn)
Scrolls
 d - a scroll of identify {unknown}
 e - a scroll of enchant armour {unknown}
 h - a scroll of teleportation {unknown}
Potions
 b - a potion of curing {unknown}
 c - a potion of brilliance {unknown}
 f - a potion of flight {unknown}
 g - a potion of might {unknown}

Dungeon Overview and Level Annotations

Branches:
Dungeon (3/15)

Altars:
The Shining One

Annotations:
D:3 Terence

▒▒.▒.. ▒.▒▒.. ▒.▒▒..
▒▒▒▒▒▒▒▒▒▒▒.▒▒..
▒.........▒▒▒▒..
▒.▒..........†..
▒▒▒▒▒▒▒.▒▒...▒.▒▒▒▒▒.▒
▒...@.▒.▒▒..▒▒.▒ ▒.▒
▒.▒▒▒R▒.▒▒.▒▒▒.▒ ▒.▒
▒.. ▒.'.▒▒.▒ ▒.▒ ▒.▒
▒?_.▒.'.▒▒.▒ ▒.▒ ▒..
▒...▒.'.▒▒.▒ ▒.▒ ▒▒▒
▒.▒▒▒.▒.▒▒.▒ ▒.. ▒..
..▒...>. ..▒
▒▒▒▒▒▒▒..... ▒▒▒▒.▒


You could see Terence.


Message History

The searing ray hits Terence but does no damage.
Terence is severely wounded. (Press . to maintain the ray.) Terence shouts, "Get ready for death!"
Terence barely misses you.
The searing ray hits Terence but does no damage.
Terence is severely wounded.
Terence hits you with a +0 short sword.
* * * LOW HITPOINT WARNING * * *
The searing ray hits Terence.
Terence is severely wounded.
* * * LOW HITPOINT WARNING * * *
Terence hits you with a +0 short sword.
* * * LOW HITPOINT WARNING * * *
The searing ray hits Terence.
Terence is severely wounded.
* * * LOW HITPOINT WARNING * * *
You finish channeling your searing ray.
Terence hits you with a +0 short sword.
* * * LOW HITPOINT WARNING * * *
Your magical contamination has completely faded away.
Aiming: Shock (safe; 2% risk of failure)
The zap misses Terence.
* * * LOW HITPOINT WARNING * * *
Terence barely misses you.
Aiming: Shock (safe; 2% risk of failure)
The zap misses Terence.
* * * LOW HITPOINT WARNING * * *
Terence hits you with a +0 short sword.
You die...

Action                   |  1- 3 |  4- 6 || total
-------------------------+-------+-------++-------
 Cast: Shock             |    58 |    52 ||   110
       Searing Ray       |       |     2 ||     2
Armor: Robe              |     2 |       ||     2
Dodge: Dodged            |    13 |     8 ||    21

Levels and vault maps discovered:
D:1:      wheals_arrival_shading, layout_loops_corners,
          hellmonk_ecumenical_altar_leap_of_faith
D:2:      layout_basic, nicolae_underground_beach
D:3:      layout_loops_ring, lemuel_round_altar, lemuel_coloured_pillars_altar,
          mainiacjoe_overflow_alcove_4, uniq_terence

Notes
Turn   | Place    | Note
-------+----------+-------------------------------------------
     0 | D:1      | sanka the Djinni Air Elementalist began the quest for the
                  | Orb.
     0 | D:1      | Reached XP level 1. HP: 15/15 MP: 0/0
   202 | D:1      | Found a faded altar of an unknown god.
   405 | D:1      | Reached XP level 2. HP: 19/21 MP: 0/0
   495 | D:1      | Reached skill level 3 in Spellcasting
  1001 | D:1      | Reached XP level 3. HP: 22/25 MP: 0/0
  1001 | D:1      | Learned a level 1 spell: Summon Small Mammal
  1677 | D:2      | Reached XP level 4. HP: 25/31 MP: 0/0
  2903 | D:3      | Reached skill level 4 in Spellcasting
  3036 | D:3      | Reached XP level 5. HP: 27/35 MP: 0/0
  3036 | D:3      | Learned a level 2 spell: Searing Ray
  3138 | D:3      | Found a glowing golden altar of the Shining One.
  3138 | D:3      | Noticed Terence
  3149 | D:3      | HP: 3/35 [Terence (4)]
  3154 | D:3      | Slain by Terence

Vanquished Creatures
  A howler monkey zombie (D:3)
  3 adders
  2 worms (D:2)
  2 dart slugs
  3 ball pythons
  5 bats
  5 endoplasms
  2 giant cockroaches
  3 goblins
  3 hobgoblins
  6 jackals (D:1)
  4 quokkas
  4 frilled lizards
  2 kobolds (D:2)
  4 rats
49 creatures vanquished.
